General information
- name: BNet
- type: Ladder team game (AT/RT)
- host: Battle.net
- saver: AmericanCaesar
map: Friends
- players: 8
- length: 75:34
- speed: Fast
- version: 1.26 W3XP
- replay type: Public
» download(356 KB)
Players
team 1 (winner)
juhuuneuereifen (
pink | 63 APM | 2780 actions | 43:47)
6 Archmage
3 Blizzard
2 Brilliance Aura
1 Mass Teleport
5 Paladin
3 Holy Light
1 Divine Shield
1 Devotion Aura
» actions
| Assign group hotkey | 45 | |
| Basic commands | 94 | |
| Build / train | 92 | |
| ESC pressed | 11 | |
| Enter build submenu | 41 | |
| Enter hero's abilities submenu | 11 | |
| Right click | 1148 | |
| Select / deselect | 340 | |
| Select group hotkey | 822 | |
| Use ability | 176 | |
2780 total
» units
| Peasant | 21 | |
| Gryphon Rider | 8 | |
| Dragonhawk Rider | 9 | |
38 total
» upgrades
| Masonry | 3 | |
| Swords | 3 | |
| Animal War Training | 1 | |
| Storm Hammers | 1 | |
| Armor | 2 | |
| Cloud | 1 | |
11 total
» buildings
| Altar of Kings | 1 | |
| Farm | 11 | |
| Scout Tower | 18 | |
| Arcane Tower | 2 | |
| Lumber Mill | 1 | |
| Guard Tower | 11 | |
| Keep | 1 | |
| Blacksmith | 1 | |
| Castle | 1 | |
| Gryphon Aviary | 2 | |
| Barracks | 1 | |
| Arcane Vault | 1 | |
| Town Hall | 3 | |
54 total
» build order
00:06 Altar of Kings
00:18 Farm
00:49 Scout Tower
01:03 Farm
01:19 Arcane Tower
01:50 Lumber Mill
01:53 Scout Tower
02:05 Scout Tower
02:16 Farm
02:51 Scout Tower
02:55 Guard Tower
03:01 Scout Tower
03:22 Farm
03:25 Arcane Tower
03:25 Guard Tower
03:28 Scout Tower
03:30 Guard Tower
04:02 Keep
04:24 Farm
04:27 Scout Tower
04:35 Guard Tower
05:17 Guard Tower
05:19 Farm
05:29 Blacksmith
06:23 Castle
06:44 Gryphon Aviary
06:45 Gryphon Aviary
08:14 Farm
08:50 Barracks
09:30 Farm
09:39 Arcane Vault
10:58 Town Hall
11:20 Scout Tower
13:44 Guard Tower
13:46 Scout Tower
13:46 Scout Tower
13:47 Scout Tower
14:00 Scout Tower
14:02 Scout Tower
14:14 Guard Tower
15:34 Guard Tower
15:55 Guard Tower
15:57 Farm
15:59 Farm
16:01 Farm
16:19 Scout Tower
16:28 Scout Tower
17:14 Guard Tower
19:42 Scout Tower
19:43 Scout Tower
19:44 Scout Tower
21:15 Guard Tower
26:23 Town Hall
29:34 Town Hall
» items
| Scroll of Regeneration | 6 | |
| Scroll of Town Portal | 6 | |
| Staff of Sanctuary | 1 | |
13 total
AmericanCaesar (
blue | 95 APM | 7153 actions | 75:34)
10 Archmage
3 Summon Water Elemental
3 Brilliance Aura
1 Mass Teleport
3 Blizzard
5 Mountain King
3 Storm Bolt
2 Bash
» actions
| Assign group hotkey | 437 | |
| Basic commands | 341 | |
| Build / train | 188 | |
| Enter build submenu | 57 | |
| Enter hero's abilities submenu | 15 | |
| Give item / drop item | 2 | |
| Remove unit from queue | 19 | |
| Right click | 2427 | |
| Select / deselect | 977 | |
| Select group hotkey | 2301 | |
| Use ability | 389 | |
7153 total
» units
| Peasant | 36 | |
| Footman | 3 | |
| Goblin Shredder | 2 | |
| Gryphon Rider | 7 | |
| Goblin Zeppelin | 3 | |
| Goblin Sapper | 14 | |
| Flying Machine | 12 | |
| Knight | 3 | |
| Sorceress | 3 | |
83 total
» upgrades
| Defend | 1 | |
| Lumber Harvesting | 1 | |
| Swords | 3 | |
| Armor | 3 | |
| Storm Hammers | 1 | |
| Masonry | 3 | |
| Animal War Training | 1 | |
| Cloud | 1 | |
| Gunpowder | 3 | |
| Plating | 3 | |
| Flak Cannons | 1 | |
| Sorceress Training | 1 | |
| Magic Sentry | 1 | |
23 total
» buildings
| Altar of Kings | 2 | |
| Barracks | 5 | |
| Farm | 15 | |
| Keep | 1 | |
| Arcane Vault | 3 | |
| Lumber Mill | 1 | |
| Blacksmith | 2 | |
| Castle | 1 | |
| Town Hall | 4 | |
| Gryphon Aviary | 6 | |
| Scout Tower | 63 | |
| Guard Tower | 12 | |
| Arcane Tower | 2 | |
| Workshop | 4 | |
| Arcane Sanctum | 3 | |
124 total
» build order
00:39 Altar of Kings
00:43 Barracks
01:15 Farm
01:17 Farm
01:21 Farm
02:04 Farm
03:18 Keep
03:45 Farm
03:51 Arcane Vault
04:47 Lumber Mill
04:49 Blacksmith
06:32 Castle
09:19 Town Hall
09:39 Gryphon Aviary
09:39 Gryphon Aviary
09:40 Gryphon Aviary
09:40 Gryphon Aviary
09:41 Gryphon Aviary
09:42 Gryphon Aviary
09:49 Blacksmith
14:36 Scout Tower
14:37 Scout Tower
14:37 Scout Tower
14:37 Scout Tower
14:39 Scout Tower
14:40 Scout Tower
14:40 Scout Tower
14:42 Scout Tower
14:42 Scout Tower
14:42 Scout Tower
14:43 Scout Tower
14:44 Scout Tower
14:45 Scout Tower
14:45 Scout Tower
14:46 Scout Tower
14:46 Scout Tower
15:57 Guard Tower
16:08 Town Hall
16:37 Guard Tower
17:25 Guard Tower
19:00 Scout Tower
19:04 Scout Tower
19:04 Scout Tower
19:04 Scout Tower
19:05 Scout Tower
19:05 Scout Tower
19:05 Scout Tower
19:05 Scout Tower
19:07 Scout Tower
19:07 Scout Tower
19:09 Scout Tower
19:10 Scout Tower
19:11 Scout Tower
19:12 Scout Tower
19:12 Scout Tower
19:13 Scout Tower
19:13 Scout Tower
19:15 Scout Tower
19:15 Scout Tower
19:16 Scout Tower
19:17 Scout Tower
20:51 Guard Tower
20:56 Guard Tower
20:57 Arcane Tower
22:54 Guard Tower
23:04 Farm
23:04 Farm
23:05 Farm
23:05 Farm
23:08 Farm
23:08 Farm
23:08 Farm
24:34 Farm
26:37 Farm
26:37 Farm
32:09 Scout Tower
32:09 Scout Tower
32:10 Scout Tower
32:10 Scout Tower
32:12 Scout Tower
32:12 Scout Tower
32:15 Scout Tower
32:15 Scout Tower
32:15 Scout Tower
35:30 Guard Tower
36:06 Guard Tower
36:24 Town Hall
36:31 Guard Tower
43:27 Town Hall
45:05 Barracks
45:05 Barracks
45:06 Barracks
45:07 Barracks
45:09 Workshop
45:10 Workshop
45:10 Workshop
45:11 Workshop
55:56 Arcane Vault
57:18 Altar of Kings
57:25 Scout Tower
57:25 Scout Tower
57:25 Scout Tower
57:26 Scout Tower
57:26 Scout Tower
57:26 Scout Tower
57:26 Scout Tower
57:27 Scout Tower
57:27 Scout Tower
57:27 Scout Tower
57:28 Scout Tower
57:28 Scout Tower
57:29 Scout Tower
57:29 Scout Tower
57:32 Scout Tower
57:33 Scout Tower
57:35 Scout Tower
58:47 Guard Tower
58:52 Arcane Vault
59:01 Guard Tower
60:38 Guard Tower
61:13 Arcane Tower
68:55 Arcane Sanctum
68:57 Arcane Sanctum
69:15 Arcane Sanctum
» items
| Scroll of Regeneration | 7 | |
| Health Stone | 1 | |
| Alleria's Flute of Accuracy | 1 | |
| Potion of Healing | 7 | |
| Lesser Clarity Potion | 2 | |
| Scroll of Town Portal | 3 | |
| Potion of Mana | 1 | |
| Potion of Divinity | 2 | |
| Scroll of Restoration | 1 | |
| Inferno Stone | 2 | |
| Amulet of the Wild | 1 | |
| Ankh of Reincarnation | 1 | |
| Demonic Figurine | 1 | |
30 total
warrillas2.0 (
red | 31 APM | 2061 actions | 66:37)
7 Archmage
3 Summon Water Elemental
3 Brilliance Aura
1 Mass Teleport
» actions
| Assign group hotkey | 25 | |
| Basic commands | 19 | |
| Build / train | 114 | |
| Enter build submenu | 33 | |
| Enter hero's abilities submenu | 7 | |
| Remove unit from queue | 2 | |
| Right click | 1110 | |
| Select / deselect | 449 | |
| Select group hotkey | 221 | |
| Use ability | 81 | |
2061 total
» units
| Peasant | 16 | |
| Rifleman | 17 | |
| Priest | 2 | |
| Siege Engine | 31 | |
| Sorceress | 8 | |
| Goblin Zeppelin | 2 | |
| Goblin Shredder | 2 | |
78 total
» upgrades
| Armor | 3 | |
| Gunpowder | 2 | |
| Long Rifles | 1 | |
| Sorceress Training | 2 | |
| Priest Training | 1 | |
| Barrage | 1 | |
10 total
» buildings
| Altar of Kings | 1 | |
| Blacksmith | 2 | |
| Farm | 15 | |
| Barracks | 1 | |
| Lumber Mill | 1 | |
| Keep | 1 | |
| Arcane Sanctum | 3 | |
| Workshop | 3 | |
| Castle | 4 | |
| Town Hall | 1 | |
32 total
» build order
00:08 Altar of Kings
00:11 Blacksmith
00:15 Farm
00:52 Barracks
01:37 Blacksmith
01:56 Farm
02:32 Lumber Mill
02:42 Farm
03:31 Farm
04:07 Keep
04:25 Farm
05:11 Farm
06:47 Arcane Sanctum
07:10 Workshop
07:23 Castle
07:23 Castle
07:23 Castle
07:34 Workshop
07:45 Farm
09:18 Arcane Sanctum
09:33 Farm
09:50 Workshop
10:16 Farm
11:12 Arcane Sanctum
11:40 Farm
16:28 Farm
34:12 Town Hall
37:19 Farm
37:48 Farm
38:02 Farm
40:33 Farm
» items

»
pocketalex (
purple | 17 APM | 1258 actions | 75:33)
5 Blood Mage
3 Flame Strike
2 Banish
4 Paladin
2 Holy Light
2 Divine Shield
1 Archmage
1 Summon Water Elemental
» actions
| Basic commands | 30 | |
| Build / train | 118 | |
| ESC pressed | 1 | |
| Enter build submenu | 36 | |
| Enter hero's abilities submenu | 10 | |
| Remove unit from queue | 2 | |
| Right click | 398 | |
| Select / deselect | 530 | |
| Use ability | 133 | |
1258 total
» units
| Peasant | 14 | |
| Footman | 6 | |
| Rifleman | 6 | |
| Goblin Zeppelin | 3 | |
| Mortar Team | 9 | |
| Priest | 7 | |
| Sorceress | 5 | |
| Goblin Shredder | 4 | |
| Goblin Sapper | 15 | |
| Siege Engine | 1 | |
| Dragonhawk Rider | 1 | |
71 total
» upgrades
| Masonry | 3 | |
| Sorceress Training | 2 | |
| Priest Training | 2 | |
| Flare | 1 | |
| Fragmentation Shards | 1 | |
| Long Rifles | 1 | |
| Gunpowder | 1 | |
| Armor | 1 | |
| Barrage | 1 | |
13 total
» buildings
| Farm | 16 | |
| Altar of Kings | 1 | |
| Barracks | 1 | |
| Lumber Mill | 1 | |
| Keep | 2 | |
| Blacksmith | 1 | |
| Arcane Vault | 1 | |
| Scout Tower | 22 | |
| Arcane Sanctum | 1 | |
| Workshop | 1 | |
| Town Hall | 3 | |
| Guard Tower | 5 | |
| Castle | 1 | |
| Gryphon Aviary | 4 | |
60 total
» build order
00:11 Farm
00:17 Altar of Kings
00:58 Farm
01:31 Barracks
02:04 Lumber Mill
02:46 Farm
02:47 Farm
03:42 Keep
03:58 Blacksmith
04:58 Arcane Vault
05:20 Farm
05:21 Farm
05:23 Farm
05:27 Scout Tower
05:28 Scout Tower
05:29 Scout Tower
06:49 Arcane Sanctum
07:07 Workshop
08:19 Scout Tower
11:36 Town Hall
14:20 Guard Tower
14:59 Castle
18:49 Farm
18:51 Farm
18:56 Farm
19:03 Farm
19:08 Farm
23:13 Farm
23:14 Farm
23:16 Farm
23:49 Scout Tower
23:51 Scout Tower
23:53 Scout Tower
23:55 Scout Tower
30:08 Keep
30:14 Gryphon Aviary
30:16 Gryphon Aviary
30:17 Gryphon Aviary
30:20 Gryphon Aviary
30:45 Scout Tower
30:46 Scout Tower
30:48 Scout Tower
30:49 Scout Tower
30:50 Scout Tower
30:53 Scout Tower
30:55 Scout Tower
30:56 Scout Tower
31:04 Scout Tower
31:05 Scout Tower
31:08 Scout Tower
31:23 Town Hall
31:35 Guard Tower
31:40 Guard Tower
31:50 Farm
31:53 Guard Tower
34:03 Scout Tower
34:35 Guard Tower
34:39 Scout Tower
35:40 Guard Tower
35:45 Scout Tower
40:33 Town Hall
» items
| Potion of Healing | 8 | |
| Scroll of Regeneration | 1 | |
| Scroll of Town Portal | 3 | |
12 total
team 2 (loser)
cOup2chOune (
yellow | 64 APM | 2263 actions | 35:21)
6 Blademaster
3 Wind Walk
2 Critical Strike
1 Bladestorm
5 Shadow Hunter
3 Healing Wave
2 Serpent Ward
5 Paladin
3 Devotion Aura
1 Holy Light
1 Divine Shield
» actions
| Assign group hotkey | 110 | |
| Basic commands | 267 | |
| Build / train | 111 | |
| Enter build submenu | 33 | |
| Enter hero's abilities submenu | 17 | |
| Remove unit from queue | 7 | |
| Right click | 433 | |
| Select / deselect | 511 | |
| Select group hotkey | 671 | |
| Use ability | 103 | |
2263 total
» units
| Peon | 23 | |
| Peasant | 5 | |
| Footman | 2 | |
| Sorceress | 11 | |
| Priest | 5 | |
| Troll Witch Doctor | 2 | |
| Tauren | 5 | |
| Shaman | 1 | |
| Knight | 4 | |
| Rifleman | 11 | |
69 total
» upgrades
| Shaman Training | 2 | |
| Witch Doctor Training | 2 | |
| Sorceress Training | 2 | |
| Priest Training | 2 | |
| Animal War Training | 1 | |
| Pulverize | 1 | |
| Long Rifles | 2 | |
12 total
» buildings
| Altar of Storms | 1 | |
| Orc Burrow | 12 | |
| Altar of Kings | 1 | |
| Farm | 10 | |
| War Mill | 1 | |
| Stronghold | 1 | |
| Voodoo Lounge | 1 | |
| Keep | 1 | |
| Blacksmith | 1 | |
| Fortress | 1 | |
| Spirit Lodge | 3 | |
| Arcane Sanctum | 2 | |
| Castle | 1 | |
| Tauren Totem | 2 | |
| Town Hall | 3 | |
41 total
» build order
00:20 Altar of Storms
00:27 Orc Burrow
00:35 Altar of Kings
00:49 Farm
01:10 War Mill
01:47 Orc Burrow
02:56 Stronghold
03:00 Voodoo Lounge
03:24 Keep
04:22 Farm
04:24 Farm
04:25 Farm
04:35 Blacksmith
05:40 Fortress
05:48 Spirit Lodge
05:52 Spirit Lodge
06:21 Arcane Sanctum
06:25 Arcane Sanctum
06:44 Spirit Lodge
06:58 Fortress
08:15 Castle
08:49 Orc Burrow
08:53 Orc Burrow
09:29 Tauren Totem
09:34 Tauren Totem
09:47 Farm
09:47 Farm
09:48 Farm
10:22 Orc Burrow
13:56 Orc Burrow
14:00 Orc Burrow
14:03 Orc Burrow
14:07 Orc Burrow
16:24 Farm
16:24 Farm
16:25 Farm
24:20 Orc Burrow
24:25 Orc Burrow
24:29 Orc Burrow
30:13 Town Hall
32:42 Town Hall
33:20 Town Hall
AZER0THTRAVELER (
green | 89 APM | 2255 actions | 25:27)
6 Paladin
3 Holy Light
2 Divine Shield
1 Resurrection
» actions
| Assign group hotkey | 35 | |
| Basic commands | 84 | |
| Build / train | 151 | |
| ESC pressed | 7 | |
| Enter build submenu | 28 | |
| Enter hero's abilities submenu | 6 | |
| Right click | 1052 | |
| Select / deselect | 349 | |
| Select group hotkey | 456 | |
| Use ability | 87 | |
2255 total
» units
| Peasant | 32 | |
| Footman | 12 | |
| Goblin Shredder | 1 | |
| Goblin Zeppelin | 1 | |
| Dragonhawk Rider | 12 | |
| Gryphon Rider | 2 | |
| Knight | 3 | |
63 total
» upgrades
| Defend | 1 | |
| Swords | 3 | |
| Armor | 3 | |
| Masonry | 4 | |
| Lumber Harvesting | 2 | |
| Animal War Training | 1 | |
| Magic Sentry | 2 | |
| Cloud | 1 | |
| Storm Hammers | 1 | |
18 total
» buildings
| Altar of Kings | 1 | |
| Barracks | 1 | |
| Farm | 6 | |
| Arcane Vault | 2 | |
| Scout Tower | 11 | |
| Blacksmith | 1 | |
| Arcane Tower | 11 | |
| Keep | 1 | |
| Lumber Mill | 1 | |
| Castle | 1 | |
| Gryphon Aviary | 2 | |
| Guard Tower | 13 | |
| Arcane Sanctum | 1 | |
52 total
» build order
00:03 Altar of Kings
00:06 Barracks
00:09 Farm
00:59 Farm
01:40 Arcane Vault
02:12 Farm
03:03 Scout Tower
03:10 Blacksmith
03:31 Arcane Tower
03:31 Arcane Tower
03:31 Arcane Tower
03:48 Keep
04:09 Farm
05:12 Lumber Mill
05:25 Arcane Vault
06:20 Farm
06:36 Scout Tower
07:25 Castle
08:31 Arcane Tower
08:31 Arcane Tower
08:31 Arcane Tower
08:37 Gryphon Aviary
08:39 Gryphon Aviary
09:38 Scout Tower
09:40 Scout Tower
09:42 Scout Tower
09:45 Scout Tower
10:07 Guard Tower
10:07 Guard Tower
10:12 Guard Tower
10:12 Guard Tower
10:15 Guard Tower
10:15 Guard Tower
10:15 Guard Tower
11:16 Farm
16:17 Scout Tower
16:27 Arcane Sanctum
16:47 Arcane Tower
16:47 Arcane Tower
20:02 Scout Tower
20:06 Scout Tower
20:06 Scout Tower
20:10 Scout Tower
20:51 Guard Tower
20:51 Guard Tower
20:52 Guard Tower
» items
| Scroll of Regeneration | 4 | |
| Lesser Clarity Potion | 2 | |
| Potion of Mana | 1 | |
| Scroll of Town Portal | 2 | |
9 total
muradin73 (
teal | 26 APM | 1952 actions | 75:32)
2 Paladin
1 Holy Light
1 Devotion Aura
6 Dark Ranger
3 Black Arrow
2 Life Drain
1 Charm
» actions
| Assign group hotkey | 17 | |
| Build / train | 143 | |
| Enter build submenu | 56 | |
| Enter hero's abilities submenu | 12 | |
| Remove unit from queue | 10 | |
| Right click | 754 | |
| Select / deselect | 761 | |
| Select group hotkey | 100 | |
| Use ability | 99 | |
1952 total
» units
| Wisp | 15 | |
| Peasant | 12 | |
| Archer | 20 | |
| Footman | 2 | |
| Dryad | 13 | |
| Hippogryph | 15 | |
| Chimaera | 6 | |
| Dragonhawk Rider | 15 | |
| Rifleman | 4 | |
| Flying Machine | 5 | |
107 total
» upgrades
| Strength of the Moon | 1 | |
| Strength of the Wild | 2 | |
| Reinforced Hides | 2 | |
| Moon Armor | 1 | |
| Improved Bows | 1 | |
| Marksmanship | 1 | |
| Corrosive Breath | 1 | |
| Long Rifles | 0 | |
| Barrage | 0 | |
9 total
» buildings
| Altar of Elders | 2 | |
| Ancient of War | 1 | |
| Moon Well | 10 | |
| Altar of Kings | 2 | |
| Barracks | 2 | |
| Farm | 9 | |
| Lumber Mill | 1 | |
| Arcane Vault | 1 | |
| Hunter's Hall | 1 | |
| Ancient of Wonders | 1 | |
| Tree of Ages | 2 | |
| Ancient Protector | 2 | |
| Tree of Eternity | 1 | |
| Ancient of Lore | 1 | |
| Ancient of Wind | 3 | |
| Chimaera Roost | 2 | |
| Tree of Life | 1 | |
| Keep | 1 | |
| Workshop | 1 | |
| Castle | 1 | |
| Town Hall | 1 | |
46 total
» build order
00:09 Altar of Elders
00:13 Ancient of War
00:20 Moon Well
00:35 Altar of Kings
00:43 Barracks
00:54 Farm
01:45 Farm
01:50 Moon Well
02:14 Lumber Mill
02:20 Arcane Vault
02:26 Farm
03:01 Moon Well
03:21 Hunter's Hall
03:27 Ancient of Wonders
04:13 Moon Well
06:07 Tree of Ages
07:06 Ancient Protector
08:33 Moon Well
08:36 Tree of Eternity
09:46 Ancient of Lore
11:46 Ancient of Wind
15:22 Moon Well
16:12 Ancient Protector
17:09 Chimaera Roost
17:14 Chimaera Roost
17:17 Moon Well
19:06 Moon Well
20:08 Moon Well
30:36 Tree of Life
31:16 Altar of Elders
34:29 Tree of Ages
36:58 Ancient of Wind
37:02 Ancient of Wind
40:03 Keep
40:08 Barracks
42:34 Altar of Kings
44:05 Farm
45:01 Farm
45:05 Farm
45:13 Workshop
45:21 Castle
45:40 Farm
46:18 Farm
47:11 Farm
56:04 Moon Well
61:50 Town Hall
» items
| Potion of Healing | 1 | |
| Scroll of Town Portal | 1 | |
2 total
Chat log
(00:20 / All) AZER0THTRAVELER: You an American blue?
(00:25 / All) AmericanCaesar: Note the name
(00:41 / All) AZER0THTRAVELER: What you doing on Northrend then faggot?
(00:49 / All) AmericanCaesar: USA #1
(00:50 / Allies) pocketalex: 4 humans ?
(00:52 / Allies) pocketalex: tanks ?
(01:02 / Allies) AmericanCaesar: Everyone get tanks
(01:07 / Allies) warrillas2.0: no
(01:10 / Allies) juhuuneuereifen: sure not ...
(01:11 / Allies) AmericanCaesar: Yeah it will wortk really well
(01:17 / Allies) juhuuneuereifen: i start with griff *g* ^^
(01:33 / All) AZER0THTRAVELER: If my team loses to an American it's only because we had an AFK
(01:44 / All) juhuuneuereifen: you are 3 ...
(02:04 / All) AZER0THTRAVELER: Probably not even 3% American!
(02:32 / All) AZER0THTRAVELER: sup
(02:34 / All) AZER0THTRAVELER: get the fuck out
(03:00 / Allies) pocketalex: blue
(03:09 / All) juhuuneuereifen: dr on this map ..
(03:15 / All) juhuuneuereifen: joke ...
(05:42 / Allies) juhuuneuereifen: with 3 fiss
(05:46 / Allies) juhuuneuereifen: xD
(06:26 / All) AZER0THTRAVELER: nice try
(08:23 / Allies) juhuuneuereifen: dont !
(08:35 / Allies) pocketalex: fuck
(08:41 / Allies) pocketalex: i didn't see you
(10:04 / Allies) warrillas2.0: wood pls
(14:57 / Allies) pocketalex: ty
(18:31 / Allies) warrillas2.0: i make only tanks
(18:35 / Allies) warrillas2.0: ok?
(18:41 / Allies) pocketalex: k
(22:08 / Allies) pocketalex: ty
(23:14 / All) juhuuneuereifen: nice try
(23:19 / All) AZER0THTRAVELER: It's not over yet.
(23:24 / Allies) AmericanCaesar: ASSHOLE
(23:46 / All) AZER0THTRAVELER: We have a Reich spy.
(24:12 / Allies) AmericanCaesar: pINK YOU REALLY FUCKED ME
(24:15 / Allies) AmericanCaesar: WHY
(24:34 / Allies) pocketalex: 100 wood plz
(24:36 / All) AZER0THTRAVELER: ty for free gryphon
(24:38 / All) AZER0THTRAVELER: nice try
(24:39 / Allies) pocketalex: i giove gold
(24:50 / Allies) pocketalex: ???
(24:52 / All) AZER0THTRAVELER: ooh free dhawk too!
(24:55 / Allies) warrillas2.0: y
(24:57 / Allies) warrillas2.0: pls
(25:13 / Allies) pocketalex: 100 wood plz
(25:15 / Allies) pocketalex: fast
(25:19 / Allies) AmericanCaesar: PAY BACK ASSHOLE
(25:21 / Allies) warrillas2.0: attack
(25:24 / All) AZER0THTRAVELER: Good luck gentlemen
(26:53 / Allies) warrillas2.0: good job
(27:45 / Allies) juhuuneuereifen: fuck this idiot !
(27:46 / Allies) AmericanCaesar: yeah you are a BITCH
(27:56 / Allies) pocketalex: what are u doing ????
(28:00 / Allies) AmericanCaesar: he fucked me!
(28:01 / Allies) juhuuneuereifen: doning shuit
(28:06 / Allies) AmericanCaesar: earlier in the game!
(28:11 / Allies) AmericanCaesar: SO STOP TK
(28:35 / Allies) pocketalex: stop it blue
(28:38 / Allies) pocketalex: you looser ?
(28:42 / Allies) juhuuneuereifen: kill this idiot !
(28:47 / Allies) AmericanCaesar: this is between me and pink
(28:49 / Allies) AmericanCaesar: he started it
(28:53 / Allies) pocketalex: we can win
(28:57 / Allies) pocketalex: and we gonna loose
(29:05 / Allies) AmericanCaesar: shut up!
(29:06 / Allies) pocketalex: because of idiocy ???
(29:14 / Allies) pocketalex: so stop TK and attack
(29:16 / Allies) juhuuneuereifen: you will never win a game im in noob !
(29:25 / Allies) juhuuneuereifen: no MORE !
(29:37 / Allies) pocketalex: blue you'r idiot
(29:44 / Allies) pocketalex: fuck'in nap
(29:51 / Allies) pocketalex: please, talk to your mother
(29:56 / Allies) pocketalex: and solve your problems
(29:58 / Allies) pocketalex: asshole
(30:03 / Allies) warrillas2.0: blue come
(31:45 / Allies) AmericanCaesar: piece of shit!
(31:53 / Allies) juhuuneuereifen: yes you are
(32:12 / Allies) warrillas2.0: pink and purple STOP
(32:20 / Allies) pocketalex: stop what ?
(32:29 / Allies) pocketalex: i'm just rebuilding
(32:38 / Allies) warrillas2.0: sorry
(32:41 / Allies) warrillas2.0: pink and blue
(32:48 / Allies) juhuuneuereifen: dont letz this idiot win !
(32:51 / Allies) pocketalex: STOP IT BLUE
(32:54 / Allies) AmericanCaesar: leave purple
(33:00 / Allies) pocketalex: Red , TKhim plz
(33:12 / Allies) AmericanCaesar: don't red, me and you wion
(33:16 / Allies) juhuuneuereifen: dont want this noob give a win !
(33:20 / Allies) pocketalex: shut UPO
(33:24 / Allies) pocketalex: blue, stop talking
(33:30 / Allies) pocketalex: you shut up, and you stay
(33:41 / Allies) juhuuneuereifen: you jsut feed enemys noob !
(33:46 / Allies) juhuuneuereifen: i won the game
(33:52 / Allies) juhuuneuereifen: think about !
(33:55 / Allies) juhuuneuereifen: noob !
(35:19 / Allies) juhuuneuereifen: what a noob ...
(35:28 / Allies) juhuuneuereifen: so skillless
(35:52 / Allies) pocketalex: $STOP IT BLUE
(35:56 / Allies) AmericanCaesar: you just tried to sapper me prick!
(36:01 / Allies) juhuuneuereifen: just tk him with tanks !
(36:12 / Allies) AmericanCaesar: attack their expansions red
(36:13 / Allies) pocketalex: that 's noraml
(36:22 / Allies) pocketalex: that's normal blue
(36:26 / Allies) pocketalex: as in real life
(36:32 / Allies) pocketalex: worlsd will be better
(36:35 / Allies) pocketalex: when you die
(36:42 / Allies) pocketalex: you are a problem blue
(36:48 / Allies) pocketalex: and to solve a problem
(36:55 / Allies) pocketalex: you need to have it dead
(37:26 / Allies) AmericanCaesar: that's what I did to pink and you
(37:32 / Allies) AmericanCaesar: thoirns in my side
(37:33 / Allies) pocketalex: no
(37:37 / Allies) pocketalex: you are the problem
(37:44 / Allies) pocketalex: your mother i a problem too
(37:49 / Allies) pocketalex: a BIG problem
(38:04 / Allies) pocketalex: one day, blue, you'll die
(38:10 / Allies) pocketalex: and everything will be better
(39:36 / Allies) warrillas2.0: havent
(40:29 / Allies) warrillas2.0: ty
(40:54 / Allies) warrillas2.0: what are you doing?
(41:18 / Allies) AmericanCaesar: You're uncooperative. You refuse to obey my orders, therefore you must be eliminated.
(41:36 / Allies) warrillas2.0: you are idiot
(41:41 / Allies) warrillas2.0: very big idiiot
(41:47 / Allies) AmericanCaesar: I rule here
(41:53 / Allies) juhuuneuereifen: you suck
(42:00 / Allies) pocketalex: lol
(42:04 / Allies) AmericanCaesar: This is my show
(42:05 / Allies) juhuuneuereifen: and your the biggest idiot on planet earth !
(42:05 / Allies) pocketalex: blue is hitler
(42:11 / Allies) pocketalex: how do you do hitler ?
(42:21 / Allies) AmericanCaesar: Just wonderful, thank you for asking
(42:23 / Allies) pocketalex: big eagles, small dick
(42:51 / Allies) pocketalex: wich is not really a problem, because no woman won't ever see it's small dick
(43:11 / Allies) juhuuneuereifen: bye idiot !
(43:21 / Allies) juhuuneuereifen: dont enter a game im in agin !
(43:34 / Allies) juhuuneuereifen: as enemy you wont have a chance
(43:35 / Allies) AmericanCaesar: You don't give me orders
(43:38 / Allies) AmericanCaesar: I give the orders here
(43:44 / Allies) juhuuneuereifen: as ally i tk you hard !
(43:47 / Allies) pocketalex: you are not a leader blue
(43:52 / Allies) pocketalex: oups, soory .. hitler
(44:06 / Allies) AmericanCaesar: Who is the leader then? I'm the one in charge
(44:15 / Allies) pocketalex: no, you are hitler
(44:22 / Allies) pocketalex: you are a TK, you are a looser
(44:28 / Allies) pocketalex: you just waited us to win
(44:30 / Allies) pocketalex: and then TK
(44:31 / Allies) warrillas2.0: you are idiot, leader no, IDIOT
(44:35 / Allies) AmericanCaesar: Tell it to the New York Times buddy
(44:40 / Allies) AmericanCaesar: I don't have time for your sob stories
(44:41 / Allies) pocketalex: that's all, you are a LOOSER hitler
(44:42 / Allies) AmericanCaesar: I got a world to save
(44:44 / Allies) pocketalex: so your mom
(44:54 / Allies) pocketalex: calm down, hitler
(44:57 / Allies) pocketalex: calm down
(47:07 / All) pocketalex: zzZZZzzzZZZ
(47:14 / Allies) pocketalex: blue has TK all the team
(47:21 / All) pocketalex: blus has TK all the team
(47:28 / All) pocketalex: now, he is waiting
(47:36 / All) pocketalex: what a freak
(47:49 / Allies) warrillas2.0: REALLY
(47:50 / All) pocketalex: we call him "hitler"
(48:16 / All) pocketalex: it's another nolife
(48:20 / All) pocketalex: no girlfriend
(48:28 / All) pocketalex: big problem with his mother
(48:32 / Allies) pocketalex: you see ...
(48:36 / All) pocketalex: you see
(48:56 / Allies) warrillas2.0: he never leave home
(50:40 / Allies) warrillas2.0: you are crazy blue
(52:58 / All) pocketalex: OMG hitler is being attacked
(53:03 / All) pocketalex: ty green :)
(53:57 / All) muradin73: hihihi !
(54:08 / All) AmericanCaesar: I command that you all stop making units
(54:24 / All) pocketalex: you command nothing, hitler
(54:24 / All) muradin73: my palouf is heroic warrior
(55:31 / Allies) warrillas2.0: :)
(58:31 / All) AmericanCaesar: Lose the Paladin or I will make you lose the game
(58:57 / All) pocketalex: you already did
(59:07 / All) pocketalex: because uou are a looser, hitler
(59:13 / All) pocketalex: with games
(59:18 / All) pocketalex: with girls
(59:22 / All) pocketalex: with your mom
(60:23 / All) pocketalex: what a leader !!!!
(60:34 / All) pocketalex: you impress us all, hitler
(62:04 / All) muradin73: my paladin is heroic
(62:18 / All) muradin73: from?
(62:24 / All) pocketalex: fr
(62:28 / All) muradin73: me too
(62:35 / All) AmericanCaesar: The best country on Gott's green Earth
(62:36 / All) pocketalex: putain on est tombé sur un cas
(62:44 / All) muradin73: lool
(62:49 / All) pocketalex: rarement vu un con pareil
(62:51 / All) muradin73: on n'est plus que deux?
(62:56 / All) pocketalex: putain je plain ses parents
(63:03 / All) pocketalex: pas ses amis, il doit pas en vaoir
(63:11 / All) muradin73: qui sa
(63:19 / All) pocketalex: blue
(63:24 / All) muradin73: lool
(63:32 / All) pocketalex: le cretin fini qu'on attends tous depuis 30 min
(63:38 / All) pocketalex: c un gros nul
(63:38 / All) muradin73: mdrrrr
(63:44 / All) pocketalex: il a rien foutu de la partie
(63:52 / All) pocketalex: et en fin de jeu, il s'est mis à nous TK
(64:02 / All) pocketalex: et maintenant il est tt content
(64:04 / All) muradin73: quel conard
(64:08 / All) pocketalex: et il fait son petit show
(64:19 / All) pocketalex: il fait son fier
(64:45 / All) muradin73: il est moche
(64:57 / All) pocketalex: on l'appelle hitler :)
(65:03 / All) muradin73: mdrrr
(65:10 / All) pocketalex: ou petit'bite
(65:13 / All) pocketalex: c au choix
(65:20 / All) muradin73: c'est sympathique
(65:57 / All) pocketalex: having fun, hitler ????
(66:02 / All) muradin73: sa doit pas lui arriver tout les jours des parties comme celle ci
(66:18 / All) pocketalex: je pense qu'il se fait jeter avant son petit jeu
(66:37 / All) pocketalex: yes, hitler
(66:42 / All) pocketalex: you are the best, hitler
(68:45 / All) muradin73: tu es d'où?
(68:47 / All) pocketalex: lallllallal
(68:50 / All) pocketalex: sur paris là
(69:01 / All) muradin73: moi SAVOIE
(69:08 / All) pocketalex: mais je viens d'annecy à la base
(69:10 / All) pocketalex: ^^
(69:23 / All) muradin73: a j'ai un pote qui habite la bas
(69:38 / All) pocketalex: ou en savoie ?
(69:46 / All) muradin73: sur annecy
(69:58 / Allies) pocketalex: je veux dire, tu es ou en savoie la ?
(70:09 / All) pocketalex: je veux dire, tu es ou en savoie la ?
(70:15 / All) muradin73: ouep
(71:00 / All) muradin73: tu peux pas me donner de l'or?
(71:09 / All) pocketalex: Albertville ? Aix les bains ?
(71:14 / All) muradin73: chambéry
(71:19 / All) pocketalex: ok
(71:25 / All) pocketalex: non je peux pas, c bloqué
(71:32 / All) muradin73: dommage
(71:48 / All) muradin73: j'ai assez d'or enfaite
(71:55 / All) muradin73: mais c'est celui des autres equipes
(72:03 / All) muradin73: je peux pas m'en servir
(72:04 / All) pocketalex: pour le niquer faudrait faire un paquet de tanks
(72:14 / All) pocketalex: ils sont tous partis ?
(72:20 / All) muradin73: ouep
(73:21 / All) muradin73: il doit avoir un paquet d'or
(73:25 / All) pocketalex: grave
(73:41 / All) AmericanCaesar: Hello.
(73:49 / All) pocketalex: shut ut, hitler
(73:56 / All) muradin73: je peux plus bouger
(74:01 / All) muradin73: comment sa se fait
(74:12 / All) pocketalex: il a des chevaliers, invisibles
(74:21 / All) muradin73: sa existe sa?
(74:28 / All) pocketalex: les chevaliers, oui
(74:40 / All) pocketalex: et l'invisibilité, aussi, chez les humains
(74:47 / All) pocketalex: avec les pretresses
(74:48 / All) AmericanCaesar: Ahhhh
(74:48 / All) muradin73: bon ba bye
(74:53 / All) AmericanCaesar: No mroe pesky paladin
(74:59 / All) pocketalex: SHUT UP BLUE
(75:05 / All) pocketalex: you don't understand? ??
(75:07 / All) AmericanCaesar: Teal, do you want to win?
(75:19 / All) muradin73: peut atre a une prochaine
(75:23 / All) pocketalex: yep
(75:25 / All) pocketalex: ++++
(75:29 / All) AmericanCaesar: Want to win, teal|